 Dungeon Crawl Stone Soup version 0.30-a0-459-g9104f0fc43 (webtiles) character file.

Game seed: 10279796314856921024

46 jlumianski the Trooper (level 3, -5/29 HPs)
             Began as a Demonspawn Fighter on Dec 15, 2022.
             Slain by an orc priest
             ... wielding a +0 flail of holy wrath
              (8 damage)
             ... on level 2 of the Dungeon.
             The game lasted 00:04:35 (1154 turns).

jlumianski the Trooper (Demonspawn Fighter)         Turns: 1154, Time: 00:04:35

Health: -5/29      AC:  9    Str: 18    XL:     3   Next: 46%
Magic:  3/3        EV:  7    Int:  9    God:
Gold:   82         SH:  0    Dex: 12    Spells: 2/2 levels left

rFire   . . .      SeeInvis .    a - +0 war axe
rCold   . . .      Faith    .    (no shield)
rNeg    . . .      Spirit   .    l - +0 chain mail
rPois   .          Reflect  .    (no helmet)
rElec   .          Harm     .    (no cloak)
rCorr   .          Rampage  .    (no gloves)
Will    .....                    (no boots)
Stlth   ..........               (no amulet)
HPRegen 0.24/turn                (no ring)
MPRegen 0.08/turn                (no ring)

@: no status effects
A: claws 2
a: no special abilities


You were on level 2 of the Dungeon.
You visited 1 branch of the dungeon, and saw 2 of its levels.

You collected 82 gold pieces.

Inventory:

Hand Weapons
 a - a +0 war axe (weapon)
Missiles
 i - 13 stones (quivered)
Armour
 b - a +0 scale mail
 c - a +0 buckler
 l - a +0 chain mail (worn)
Scrolls
 f - 3 scrolls of identify {unknown}
 k - a scroll of poison {unknown}
 m - a scroll of immolation {unknown}
Potions
 d - a potion of might
 e - a potion of berserk rage {unknown}
 g - a potion of mutation {unknown}
 h - 3 potions of attraction {unknown}
 j - 2 potions of brilliance {unknown}


   Skills:
 * Level 3.3 Fighting
 + Level 2.6 Axes
 + Level 3.0 Armour
 - Level 3.0 Shields


You had 2 spell levels left.
You didn't know any spells.
Your spell library was empty.

Dungeon Overview and Level Annotations

Branches:
Dungeon (2/15)

Altars:

Shops:
D:1 :


Innate Abilities, Weirdness & Mutations

You have very sharp fingernails.


Message History

The bat hits you but does no damage. The bat barely misses you.
You miss the bat. The bat hits you but does no damage.
The bat barely misses you. The bat hits you but does no damage.
The bat hits you but does no damage.
A kobold comes into view. It is wielding a +0 club.
Found a stone staircase leading down.
The kobold shouts!
You hear a shout!
The bat hits you but does no damage. x2; The kobold throws a stone.
The stone hits you but does no damage.
You slash the bat!
You kill the bat!
The kobold throws a stone.
The stone barely misses you.
The kobold throws a stone.
The stone barely misses you.
You closely miss the kobold.
An orc priest comes into view.
It is wielding a +0 flail of holy wrath.
The kobold hits you with a +0 club.
You closely miss the kobold. The kobold hits you but does no damage.
The orc priest invokes the aid of Beogh against you.
Beogh smites you!
A jackal comes into view.
The kobold barely misses you.
The jackal barks!
You hear a bark!
You hear a shout!
You hear a bark!
You closely miss the kobold.
You hear a shout!
The kobold closely misses you.
The orc priest calls down the wrath of Beogh upon you.
Beogh smites you!
* * * LOW HITPOINT WARNING * * *
You hit the kobold but do no damage.
The kobold hits you but does no damage. x2
You closely miss the kobold. The kobold hits you but does no damage.
Unknown command.
You closely miss the kobold.
A jackal comes into view.
The kobold barely misses you.
You hit the kobold.
You kill the kobold!
An orc comes into view. It is wielding a +0 dagger.
The orc priest hits you with a +0 flail of holy wrath!
You die...

.#. ######
.>. .....##
#.# ......
#.#
.....#######
#.#
....#......#
#.# .
....#.####.#
##.####.o..
....#.# #.#
#..@ohh....
.†....# #.#
#..########
.†..### #.#
#..# ......#
#.# #..#
##....# #.#
#..# ##....#
#.#.#..#
......#
#.#.#..#
..#####
#.#....# ..#
#.###.##


You could see an orc priest, an orc and 2 jackals.

Vanquished Creatures
  2 dart slugs
  6 endoplasms
  2 goblins (D:1)
  A hobgoblin (D:2)
  A jackal (D:1)
  6 quokkas (D:1)
  A ball python (D:1)
  9 bats
  2 frilled lizards
  6 kobolds
  2 rats (D:1)
38 creatures vanquished.

Notes
Turn   | Place    | Note
-------+----------+-------------------------------------------
     0 | D:1      | jlumianski the Demonspawn Fighter began the quest for the
                  | Orb.
     0 | D:1      | Reached XP level 1. HP: 18/18 MP: 1/1
   375 | D:1      | Gained mutation: You have sharp fingernails. [demonic
                  | ancestry]
   375 | D:1      | Reached XP level 2. HP: 16/24 MP: 2/2
   409 | D:1      | Found Nunoyb's Book Emporium.
   571 | D:1      | Gained mutation: You have very sharp fingernails. [demonic
                  | ancestry]
   571 | D:1      | Reached XP level 3. HP: 24/28 MP: 3/3
  1154 | D:2      | Slain by an orc priest

Illustrated notes

Levels and vault maps discovered:
D:1:      dpeg_arrival_castle, layout_basic, serial_shops,
          nicolae_shop_waterfront, st_stairs_3, serial_bayou_pond_e,
          minmay_close_crescents
D:2:      layout_basic

Skill      XL: |  1  2  3 |
---------------+----------+-----
Shields        | 3 |  3.0
Axes           | 2 |  2.6
Armour         | 3 |  3.0
Fighting       | |  3.3

Action                   || total
-------------------------++-------
Melee: War axe           ||   107
Armor: Scale mail        ||    65
       Chain mail        ||    26
Dodge: Dodged            ||    71
Block: Buckler           ||    20

Table legend: (Time is in decaauts)
 A = Elapsed time spent in this place.
 B = Non-inter-level travel time spent in this place.
 C = Inter-level travel time spent in this place.
 D = Time resting spent in this place.
 E = Time spent auto-exploring this place.
 F = Levels seen in this place.
 G = Mean time per level.
                   A        B        C        D        E       F      G
               +--------+--------+--------+--------+--------+-----+--------+
         Total |   1205 |   1135 |     70 |      0 |    693 |   2 |  602.5 |
       Dungeon |   1205 |   1135 |     70 |      0 |    693 |   2 |  602.5 |
               +--------+--------+--------+--------+--------+-----+--------+

Top non-repeatable levels by time:
     D:1: 939 daAuts
     D:2: 266 daAuts
